 Dungeon Crawl Stone Soup version 0.27.0-1-g7a08968 (webtiles) character file.

Game seed: 9994736500253629511

58 Ayyar the Grasshopper (level 4, -5/38 HPs)
             Began as a Gnoll Warper on Aug 9, 2021.
             Slain by Crazy Yiuf (7 damage)
             ... while petrified by Crazy Yiuf
             ... on level 2 of the Dungeon.
             The game lasted 00:04:44 (1563 turns).

Ayyar the Grasshopper (Gnoll Warper)                Turns: 1563, Time: 00:04:44

Health: -5/38      AC:  3    Str: 11    XL:     4   Next: 1%
Magic:  9/11       EV:  2    Int: 12    God:
Gold:   86         SH:  0    Dex: 12    Spells: 11/13 levels left

rFire    . . .     SeeInvis .   a - +0 spear
rCold    . . .     Faith    .   (no shield)
rNeg     + + +     Spirit   .   o - +0 leather armour
rPois    ∞         Reflect  .   (no helmet)
rElec    .         Harm     .   (no cloak)
rCorr    .         Rampage  .   (no gloves)
Will     .....                  (no boots)
Stlth    +.........             (no amulet)
HPRegen  0.12/turn              (no ring)
MPRegen  0.12/turn              (no ring)

@: mighty, agile, petrified, hasted
A: fangs 1, strong nose, distributed training
a: no special abilities


You were on level 2 of the Dungeon.
You visited 1 branch of the dungeon, and saw 2 of its levels.

You collected 86 gold pieces.

Inventory:

Hand Weapons
 a - a +0 spear (weapon)
 b - a +2 hunting sling of freezing
 r - a +2 dagger of holy wrath
Missiles
 d - 5 boomerangs of dispersal (quivered)
 p - 48 stones
Armour
 g - a +0 chain mail
 o - a +0 leather armour (worn)
Jewellery
 f - a ring of ice
 i - a ring of magical power
Scrolls
 c - a scroll of blinking
 j - a scroll of enchant armour {unknown}
 k - a scroll of immolation {unknown}
 q - a scroll of vulnerability {unknown}
 s - a scroll of identify {unknown}
Potions
 h - a potion of brilliance {unknown}
 l - a potion of mutation {unknown}
 m - a potion of invisibility {unknown}
 n - a potion of attraction {unknown}


   Skills:
 + Level 4.6 Fighting
 + Level 1.0 Short Blades
 + Level 1.0 Long Blades
 + Level 1.0 Axes
 + Level 1.0 Maces & Flails
 + Level 4.6 Polearms
 + Level 1.0 Staves
 + Level 1.0 Slings
 + Level 1.0 Bows
 + Level 1.0 Crossbows
 + Level 2.7 Throwing
 + Level 2.7 Armour
 + Level 4.6 Dodging
 + Level 1.0 Stealth
 + Level 1.0 Shields
 + Level 1.0 Unarmed Combat
 + Level 5.0 Spellcasting
 + Level 0.7 Conjurations
 + Level 0.7 Hexes
 + Level 0.7 Summonings
 + Level 0.7 Necromancy
 + Level 5.4 Translocations
 + Level 0.7 Transmutations
 + Level 0.7 Fire Magic
 + Level 0.7 Ice Magic
 + Level 0.7 Air Magic
 + Level 0.7 Earth Magic
 + Level 0.7 Poison Magic
 + Level 1.1 Invocations
 + Level 1.0 Evocations


You had 11 spell levels left.
You knew the following spells:

 Your Spells              Type           Power      Damage    Failure   Level
a - Blink                 Tloc           N/A        N/A       4%          2

Your spell library contained the following spells:

 Spells                   Type           Power      Damage    Failure   Level
 Gell's Gravitas          Tloc           8%         N/A       9%          3
 Lesser Beckoning         Tloc           8%         N/A       9%          3
 Teleport Other           Tloc           16%        N/A       9%          3
 Manifold Assault         Tloc           16%        N/A       58%         5


Dungeon Overview and Level Annotations

Branches:
Dungeon (2/15)

Altars:

Annotations:
D:2 Crazy Yiuf


Innate Abilities, Weirdness & Mutations

You have very sharp teeth.
Your uncanny sense of smell can sniff out nearby items.
Your experience applies equally to all skills.


Message History

Crazy Yiuf is moderately wounded.
Crazy Yiuf misses you. x2
You shoot a stone. The stone hits Crazy Yiuf.
The stone freezes Crazy Yiuf.
Crazy Yiuf is heavily wounded.
Crazy Yiuf whimpers, "Cholesterol light Hive!"
Crazy Yiuf completely misses you.
You shoot a stone. The stone hits Crazy Yiuf.
The stone freezes Crazy Yiuf.
Crazy Yiuf is heavily wounded.
Crazy Yiuf hits you with a +2 quarterstaff of chaos.
You shoot a stone. The stone hits Crazy Yiuf.
The stone freezes Crazy Yiuf.
Crazy Yiuf is severely wounded.
Crazy Yiuf says, "Key mumblescurry mobile!"
Crazy Yiuf hits you with a +2 quarterstaff of chaos.
Crazy Yiuf burns you.
You are too injured to fight recklessly!
You are too injured to fight recklessly!
It was a potion of heal wounds.
You feel much better.
Crazy Yiuf hits you with a +2 quarterstaff of chaos!
You are slowing down.
Okay, then.
Your +2 hunting sling of freezing stops glowing.
a - a +0 spear (weapon)
Crazy Yiuf hits you with a +2 quarterstaff of chaos!
Your limbs are stiffening.
You are too injured to fight recklessly!
You completely miss Crazy Yiuf.
Crazy Yiuf is severely wounded.
Crazy Yiuf hits you with a +2 quarterstaff of chaos!
You have turned to stone.
Crazy Yiuf hits you with a +2 quarterstaff of chaos.
* * * LOW HITPOINT WARNING * * *
You feel yourself speed up.
Crazy Yiuf hits you with a +2 quarterstaff of chaos!
* * * LOW HITPOINT WARNING * * *
You feel very mighty all of a sudden.
Crazy Yiuf hits you with a +2 quarterstaff of chaos!
* * * LOW HITPOINT WARNING * * *
You feel your power leaking away.
Crazy Yiuf hits you with a +2 quarterstaff of chaos!
You die...

#....###.# #.#..†.. ##..## #.#
#.#.##.# ♣....♣ #.###.#.##.. ##
♣♣...♣ #.....#.#..# .# ♣♣.♣♣
####.##.#).# .# ♣♣.♣ #.#.....# .#
##### ♣.♣♣ #.#..#..# .#####.....
♣♣.♣ ####.#...#.# ......... ♣@♣♣
#........>.. #.##...## #g#
##.#.#..#..# ...#.### ...
#.#.#.....# ♣♣....# #...#
##.#.#.....# ♣♣...###### #)(.#
#..#.#.##### ♣♣..+....# #####
#..#)#...... PP♣♣..##
#..#.#.##### PP.P♣♣..#
##########..+..##....
...._♣..#####...........#...#.###


You could see Crazy Yiuf.

Vanquished Creatures
  An adder (D:2)
  A dart slug (D:1)
  6 ball pythons
  4 bats (D:2)
  An endoplasm (D:2)
  2 giant cockroaches
  3 hobgoblins (D:2)
  2 jackals (D:2)
  6 kobolds
  3 quokkas
  4 frilled lizards
  5 goblins
  5 rats
43 creatures vanquished.

Notes
Turn   | Place    | Note
-------+----------+-------------------------------------------
     0 | D:1      | Ayyar the Gnoll Warper began the quest for the Orb.
     0 | D:1      | Reached XP level 1. HP: 20/20 MP: 6/6
   115 | D:1      | Reached XP level 2. HP: 21/26 MP: 7/7
   589 | D:1      | Learned a level 2 spell: Blink
   829 | D:2      | Reached XP level 3. HP: 26/31 MP: 9/9
   888 | D:2      | Reached skill level 5 in Spellcasting
   990 | D:2      | Reached skill level 1 in Invocations
  1151 | D:2      | Found a runed translucent door.
  1152 | D:2      | Noticed Crazy Yiuf
  1206 | D:2      | Reached skill level 1 in Short Blades
  1206 | D:2      | Reached skill level 1 in Long Blades
  1206 | D:2      | Reached skill level 1 in Axes
  1206 | D:2      | Reached skill level 1 in Maces & Flails
  1206 | D:2      | Reached skill level 1 in Staves
  1206 | D:2      | Reached skill level 1 in Slings
  1206 | D:2      | Reached skill level 1 in Bows
  1206 | D:2      | Reached skill level 1 in Crossbows
  1206 | D:2      | Reached skill level 1 in Stealth
  1206 | D:2      | Reached skill level 1 in Shields
  1206 | D:2      | Reached skill level 1 in Unarmed Combat
  1206 | D:2      | Reached skill level 1 in Evocations
  1293 | D:2      | Reached XP level 4. HP: 38/38 MP: 11/11
  1481 | D:2      | Found a faded altar of an unknown god.
  1563 | D:2      | Slain by Crazy Yiuf

Illustrated notes

Levels and vault maps discovered:
D:1:      saegor_arrival_simple_a, layout_rooms
D:2:      layout_basic, dilly_ecumenical_altar_fadedgnrine,
          uniq_crazy_yiuf_cottage

Skill      XL: |  1  2  3 |
---------------+----------+-----
Spellcasting   | 5 |  5.0
Invocations    | 1 |  1.1
Short Blades   | 1 |  1.0
Long Blades    | 1 |  1.0
Axes           | 1 |  1.0
Maces & Flails | 1 |  1.0
Staves         | 1 |  1.0
Slings         | 1 |  1.0
Bows           | 1 |  1.0
Crossbows      | 1 |  1.0
Stealth        | 1 |  1.0
Shields        | 1 |  1.0
Unarmed Combat | 1 |  1.0
Evocations     | 1 |  1.0
Fighting       | |  4.6
Polearms       | |  4.6
Throwing       | |  2.7
Armour         | |  2.7
Dodging        | |  4.6
Conjurations   | |  0.7
Hexes          | |  0.7
Summonings     | |  0.7
Necromancy     | |  0.7
Translocations | |  5.4
Transmutations | |  0.7
Fire Magic     | |  0.7
Ice Magic      | |  0.7
Air Magic      | |  0.7
Earth Magic    | |  0.7
Poison Magic   | |  0.7

Action                   |  1- 3 |  4- 6 || total
-------------------------+-------+-------++-------
Melee: Spear             |   101 |     3 ||   104
       Bite              |    10 |       ||    10
       Punch             |     1 |       ||     1
 Fire: Hunting sling     |    21 |    10 ||    31
  Use: Potion            |       |     1 ||     1
 Stab: Sleeping          |     2 |       ||     2
Armor: Leather armour    |    18 |       ||    18
Dodge: Dodged            |    50 |     6 ||    56
